 Dungeon Crawl Stone Soup version 0.31-a0-198-g2ad674f65e (webtiles) character file.

Game seed: 18243674910815308722

57 qw the Shooter (level 3, -1/20 HPs)
             Began as a Deep Elf Hunter on June 25, 2023.
             Slain by an orc
             ... wielding a +1 short sword of protection
              (3 damage)
             ... on level 3 of the Dungeon.
             The game lasted 00:00:30 (1336 turns).

qw the Shooter (Deep Elf Hunter)                    Turns: 1336, Time: 00:00:31

Health: -1/20      AC:  7    Str: 10    XL:     3   Next: 73%
Magic:  5/5        EV:  9    Int: 13    God:
Gold:   93         SH:  0    Dex: 18    Spells: 2/2 levels left

rFire   . . .        Y - +0 shortbow
rCold   . . .        (shield currently unavailable)
rNeg    . . .        d - +0 scale mail
rPois   .            (no helmet)
rElec   .            (no cloak)
rCorr   .            c - +0 pair of gloves
SInv    .            (no boots)
Will    .....        (no amulet)
Stlth   +            (no ring)
HPRegen 0.23/turn    (no ring)
MPRegen 0.09/turn

%: no passive effects
@: no status effects
A: no striking features
a: no special abilities


You were on level 3 of the Dungeon.
You visited 1 branch of the dungeon, and saw 3 of its levels.

You collected 93 gold pieces.


   Skills:
 - Level 1.5 Fighting
 + Level 7.2 Ranged Weapons
 - Level 2.4 Dodging
 - Level 1.2 Stealth


You had 2 spell levels left.
You didn't know any spells.
Your spell library was empty.

Inventory:

Hand Weapons
 Y - a +0 shortbow (weapon)
Armour
 c - a +0 pair of gloves (worn)
 d - a +0 scale mail (worn)
Scrolls
 a - a scroll of identify
Potions
 b - a potion of enlightenment {unknown}
 e - a potion of curing {unknown}
 f - a potion of haste
 g - a potion of lignification {unknown}
 j - a potion of magic {unknown}
 l - a potion of mutation {unknown}

Dungeon Overview and Level Annotations

Branches:
Dungeon (3/15)

Altars:


Message History

You shoot an arrow. The arrow hits the orc.
The orc is almost dead.
The orc hits you with a +1 short sword of protection.
The orc barely misses you.
The orc hits you with a +1 short sword of protection.
You shoot an arrow. The arrow closely misses the orc.
The orc hits you but does no damage.
The orc hits you with a +1 short sword of protection.
You shoot an arrow. The arrow barely misses the orc.
The orc barely misses you. x2
You shoot an arrow. The arrow closely misses the orc.
The orc hits you with a +1 war axe of flaming!
The orc burns you. The orc hits you but does no damage.
The orc closely misses you.
The orc hits you with a +1 short sword of protection.
1330 ||| DRINKING potion of heal wounds.
You feel much better. The orc completely misses you. The orc barely misses you.
You shoot an arrow. The arrow closely misses the orc.
The orc hits you with a +1 war axe of flaming!
The orc burns you. The orc barely misses you.
You shoot an arrow. The arrow barely misses the orc.
The orc hits you with a +1 war axe of flaming.
The orc burns you. The orc hits you but does no damage.
You shoot an arrow. The arrow closely misses the orc.
The orc closely misses you. x2; The orc hits you but does no damage.
The orc barely misses you.
You shoot an arrow.
The arrow hits the orc but does no damage.
The orc is almost dead.
The orc misses you. The orc barely misses you.
You shoot an arrow. The arrow closely misses the orc.
The orc misses you.
The orc hits you with a +1 short sword of protection.
You shoot an arrow.
The arrow hits the orc but does no damage.
The orc is almost dead.
The orc hits you but does no damage.
The orc hits you with a +1 short sword of protection. x2
You die...

.. #.# ####.######.#
............###
#########.......#
#.[.....#.##..#.#
##+#.......###.#.#
#.........## #...#
#.........# ###.##
#(........# #@o#
#.........#......o......
#.........#........#####
#........%#......#.#
#.........#......#.#
#.........#.........
#.........#####......
####<###### #[.. ..# ###


You could see 2 orcs.

Vanquished Creatures
  Terence (D:2)
  A ball python (D:1)
  4 endoplasms
  A giant cockroach (D:1)
  5 goblins
  2 hobgoblins
  2 jackals (D:1)
  2 kobolds (D:1)
  2 quokkas (D:1)
  A bat (D:1)
  2 frilled lizards
  6 rats
29 creatures vanquished.

Notes
Turn   | Place    | Note
-------+----------+-------------------------------------------
     0 | D:1      | qw the Deep Elf Hunter began the quest for the Orb.
     0 | D:1      | Reached XP level 1. HP: 12/12 MP: 3/3
     0 | D:1      | 0 ||| qw: Version: 0.3-a-22-g0ed2b0b
     0 | D:1      | 0 ||| qw: Game counter: 5078
     0 | D:1      | 0 ||| qw: Melee chars always use a shield: true
     0 | D:1      | 0 ||| qw: God list: Okawaru
     0 | D:1      | 0 ||| qw: Allow faded altars: false
     0 | D:1      | 0 ||| qw: Do Orc after clearing Dungeon:15 true
     0 | D:1      | 0 ||| qw: Do second Lair branch before Depths: true
     0 | D:1      | 0 ||| qw: Lair rune preference: random
     0 | D:1      | 0 ||| qw: Goals: Normal
     0 | D:1      | 0 ||| PLANNING D:1-11
   111 | D:1      | Reached XP level 2. HP: 16/16 MP: 4/4
   112 | D:1      | Reached skill level 6 in Ranged Weapons
   557 | D:1      | 557 ||| UPGRADING to +0 scale mail.
   567 | D:1      | 567 ||| DROPPING +0 leather armour.
   568 | D:1      | 568 ||| READING 4 scrolls labelled XEXAINEJE.
   569 | D:1      | 569 ||| READING scroll labelled ZASHRE MABLIH.
   570 | D:1      | 570 ||| READING scroll labelled HEFE MIGEECWO.
   571 | D:1      | 571 ||| READING scroll labelled ONUIVU HUTOI.
   574 | D:1      | 574 ||| READING scroll labelled GOALOB FAGUH.
   575 | D:1      | 575 ||| READING 3 scrolls of identify.
   575 | D:1      | 575 ||| IDENTIFYING glowing silvery potion
   576 | D:1      | 576 ||| READING 2 scrolls of identify.
   576 | D:1      | 576 ||| IDENTIFYING black potion
   577 | D:1      | 577 ||| DROPPING scroll of butterflies.
   668 | D:2      | Reached XP level 3. HP: 19/20 MP: 5/5
   858 | D:2      | Noticed Terence
   864 | D:2      | HP: 4/20 [Terence/+0 trident (7)]
   865 | D:2      | 865 ||| DRINKING 2 potions of heal wounds.
   869 | D:2      | Killed Terence
   870 | D:2      | Reached skill level 7 in Ranged Weapons
  1242 | D:2      | 1242 ||| UPGRADING to +0 pair of gloves.
  1247 | D:2      | 1247 ||| READING scroll labelled FACUF KUAQEN.
  1329 | D:3      | HP: 5/20 [orc/+1 war axe of flaming (2)]
  1330 | D:3      | 1330 ||| DRINKING potion of heal wounds.
  1336 | D:3      | HP: 2/20 [orc/+1 short sword of protection (6)]
  1336 | D:3      | Slain by an orc

Levels and vault maps discovered:
D:1:      lemuel_arrival_broad_hall, layout_basic
D:2:      layout_loops_ring, uniq_terence
D:3:      layout_basic, lemuel_round_altar, uniq_sigmund

Skill      XL: |  1  2  3 |
---------------+----------+-----
Ranged Weapons | 6 7 |  7.2
Fighting       | |  1.5
Dodging        | |  2.4
Stealth        | |  1.2

Action                     || total
---------------------------++-------
   Fire: Shortbow          ||    96
    Use: Scroll            ||     8
         Potion            ||     2
 Armour: Leather armour    ||     5
         Scale mail        ||    10
  Dodge: Dodged            ||    25

Table legend:
 A = Non-vault XP
 B = Vault XP
 C = Vault XP percentage of total XP
 D = Non-vault monster count
 E = Vault monster count
 F = Vault count percentage of total count
                 A         B        C        D         E       F
            +---------+---------+-------+---------+---------+-------
      Total |      46 |      36 |  43.9 |      28 |       1 |   3.4
            +---------+---------+-------+---------+---------+-------
        D:1 |      35 |       0 |   0.0 |      21 |       0 |   0.0
        D:2 |       9 |      36 |  80.0 |       6 |       1 |  14.3
        D:3 |       2 |       0 |   0.0 |       1 |       0 |   0.0
            +---------+---------+-------+---------+---------+-------
